 Dungeon Crawl Stone Soup version 0.25-a0-458-g6fc7858b95 (webtiles) character file.

Game seed: 7746048291663323181, levelgen mode: deterministic

7 funkygono the Grave Robber (level 1, -4/13 HPs)
             Began as a Demonspawn Necromancer on Feb 1, 2020.
             Killed from afar by a dart slug (7 damage)
             ... with a slug dart
             ... on level 1 of the Dungeon.
             The game lasted 00:00:50 (228 turns).

funkygono the Grave Robber (Demonspawn Necromancer)  Turns: 228, Time: 00:00:51

Health: -4/13      AC:  2    Str:  8    XL:     1   Next: 91%
Magic:  0/3        EV: 12    Int: 16    God:
Gold:   0          SH:  0    Dex: 13    Spells: 3/4 levels left

rFire    . . .     SeeInvis .   (no weapon)
rCold    . . .     Gourm    .   (no shield)
rNeg     . . .     Faith    .   a - +0 robe
rPois    .         Spirit   .   (no helmet)
rElec    .         Reflect  .   (no cloak)
rCorr    .         Harm     .   (no gloves)
MR       .....                  (no boots)
Stlth    +++.......             (no amulet)
HPRegen  0.04/turn              e - ring of stealth
MPRegen  0.08/turn              (no ring)

@: no status effects
A: no striking features
a: no special abilities


You were on level 1 of the Dungeon.
You were not hungry.

You visited 1 branch of the dungeon, and saw 1 of its levels.

Inventory:

Armour
 a - a +0 robe (worn)
Jewellery
 e - a ring of stealth (left hand)
Potions
 b - 2 potions of curing {unknown}
 f - a potion of brilliance {unknown}
Comestibles
 c - a ration
 d - a chunk of flesh


   Skills:
 + Level 1.8 Dodging
 + Level 1.8 Stealth
 * Level 2.2 Spellcasting
 + Level 4.6 Necromancy


You had 3 spell levels left.
You knew the following spells:

 Your Spells              Type           Power        Failure   Level  Hunger
a - Pain                  Necr           ###.         3%          1    #......

Your spell library contained the following spells:

 Spells                   Type           Power        Failure   Level  Hunger
 Animate Skeleton         Necr           N/A          3%          1    #......
 Vampiric Draining        Necr           ###.......   9%          3    ###....
 Animate Dead             Necr           N/A          30%         4    #####..
 Agony                    Necr           ###.....     63%         5    ######.


Dungeon Overview and Level Annotations

Branches:
Dungeon (1/15)

Altars:


Message History

The dart slug barely resists.
The dart slug launches a dart at you. The slug dart hits you!
Ouch! That really hurt!
Casting: Pain (safe; 3% risk of failure)
Confirm with . or Enter, or press ? or * to list all spells.
Aiming: Pain (safe; 3% risk of failure)
Press: ? - help, Shift-Dir - straight line, f/p - dart slug
Aim: a dart slug (chance to defeat MR: 87%)
The dart slug writhes in agony.
Casting: Pain (safe; 3% risk of failure)
Confirm with . or Enter, or press ? or * to list all spells.
Aiming: Pain (safe; 3% risk of failure)
Press: ? - help, Shift-Dir - straight line, f/p - dart slug
Aim: a dart slug (moderately wounded, chance to defeat MR: 87%)
The dart slug writhes in agony.
The dart slug launches a dart at you. The slug dart hits you!
Ouch! That really hurt!
You die...

#.#.##.#..÷........
####.####.##..## .
##.####.#####....##...
............+.........
##.####.#####...###...
#.##.###..#####.#.###...
..........##.##.........
#..#.###.##...###.###.#.
#....w.@.#≈.<.≈##.# #.#.
#.##.#####≈...≈##.# #...
#≈...≈##.# #.#.
#≈...≈#..###.#^
#≈...≈#........
##...##.####.#.
#...##.#......
#8.8##.#.##... #
###.###.#.##.#.


You could see a dart slug.

Vanquished Creatures
  A leopard gecko (D:1)
  2 hobgoblins (D:1)
  A kobold (D:1)
  A frilled lizard (D:1)
  A rat (D:1)
6 creatures vanquished.

Notes
Turn   | Place    | Note
-------+----------+-------------------------------------------
     0 | D:1      | funkygono the Demonspawn Necromancer began the quest for
                  | the Orb.
     0 | D:1      | Reached XP level 1. HP: 13/13 MP: 3/3
   228 | D:1      | Killed from afar by a dart slug

Levels and vault maps discovered:
D:1:      wander_arrival_chamber, layout_basic, due_unseen_surprise

Action                   || total
-------------------------++-------
Melee: Unarmed           ||     3
 Cast: Pain              ||    11
Dodge: Dodged            ||     1

Table legend:
 A = Non-vault XP
 B = Vault XP
 C = Vault XP percentage of total XP
 D = Non-vault monster count
 E = Vault monster count
 F = Vault count percentage of total count
                 A         B        C        D         E       F
            +---------+---------+-------+---------+---------+-------
      Total |      11 |       0 |   0.0 |       6 |       0 |   0.0
            +---------+---------+-------+---------+---------+-------
        D:1 |      11 |       0 |   0.0 |       6 |       0 |   0.0
            +---------+---------+-------+---------+---------+-------
